 Seeded DCSS version 0.29.1-12-g30fa7ad0bf (webtiles) character file.

Game seed: 16245865983455551772 (custom seed)

3705 rddays123 the Severer (level 10, -4/80 HPs)
             Began as a Hill Orc Fighter on Jan 19, 2023.
             Asphyxiated
             ... on level 8 of the Dungeon.
             The game lasted 00:17:53 (7148 turns).

rddays123 the Severer (Hill Orc Fighter)            Turns: 7148, Time: 00:17:56

Health: -4/80      AC:  9    Str: 24    XL:     10   Next: 14%
Magic:  10/10      EV:  8    Int: 20    God:
Gold:   663        SH:  8    Dex: 10    Spells: 9/9 levels left

rFire   . . .      SeeInvis +   p - +1 broad axe (elec)
rCold   . . .      Faith    .   v - +0 kite shield
rNeg    . . .      Spirit   .   b - +0 scale mail
rPois   .          Reflect  .   t - +0 helmet {SInv}
rElec   .          Harm     .   (no cloak)
rCorr   .          Rampage  .   (no gloves)
Will    .....                   r - +0 pair of boots {Fly}
Stlth   ..........              q - amulet of regeneration
HPRegen 1.03/turn               h - +6 ring of intelligence
MPRegen 0.12/turn               i - +6 ring of intelligence

@: mighty, lethally poisoned (-4 -> -11), flying
A: no striking features
a: no special abilities


You were on level 8 of the Dungeon.
You visited 2 branches of the dungeon, and saw 9 of its levels.

You collected 1157 gold pieces.
You spent 494 gold pieces at shops.

Inventory:

Hand Weapons
 a - a +0 war axe
 p - a +1 broad axe of electrocution (weapon)
 y - a +3 scythe of flaming
 D - a +2 executioner's axe of flaming
Missiles
 J - 6 silver boomerangs (quivered)
Armour
 b - a +0 scale mail (worn)
 c - a +0 buckler
 r - a +0 pair of boots of flying (worn)
 s - a +0 helmet
 t - a +0 helmet of see invisible (worn)
 v - a +0 kite shield (worn)
 I - a +2 hat
 L - a scarf of invisibility
Jewellery
 h - a +6 ring of intelligence (left hand)
 i - a +6 ring of intelligence (right hand)
 q - an amulet of regeneration (around neck)
 A - a ring of ice
Wands
 n - a wand of roots (25)
 F - a wand of flame (78)
 K - a wand of charming (11)
Scrolls
 e - 2 scrolls of immolation {unknown}
 g - 9 scrolls of teleportation {unknown}
 j - 7 scrolls of identify
 m - a scroll of enchant weapon {unknown}
 o - a scroll of noise {unknown}
 x - a scroll of silence {unknown}
 B - a scroll of butterflies {unknown}
 E - a scroll of amnesia {unknown}
 H - a scroll of poison {unknown}
 M - a scroll of enchant armour {unknown}
Potions
 d - a potion of might
 f - 2 potions of flight
 k - 2 potions of lignification
 u - a potion of berserk rage {unknown}
 w - a potion of heal wounds {unknown}
 z - 4 potions of brilliance {unknown}
 C - 2 potions of curing {unknown}
 G - 2 potions of attraction {unknown}


   Skills:
 - Level 4.9 Fighting
 + Level 20.7 Axes
 - Level 4.3 Armour
 - Level 0.2 Dodging
 - Level 3.9 Shields


You had 9 spell levels left.
You didn't know any spells.
Your spell library contained the following spells:

 Spells                   Type           Power      Damage    Failure   Level
 Sting                    Tmut/Pois      0%         1d3       80%         1
 Poisonous Vapours        Pois/Air       0%         N/A       90%         2
 Confusing Touch          Hex            0%         N/A       99%         3
 Olgreb's Toxic Radiance  Pois           0%         N/A       100%        4
 Yara's Violent Unravell  Hex/Tmut       0%         3d3       100%        5
 Enfeeble                 Hex            0%         N/A       100%        7
 Chain Lightning          Conj/Air       0%         N/A       100%        9
 Fire Storm               Conj/Fire      0%         5d1       100%        9
 Shatter                  Erth           0%         3d5*      100%        9


Dungeon Overview and Level Annotations

Branches:
Dungeon (8/15)             Temple (1/1) D:5
   Lair: D:8-11

Altars:
Cheibriados
Dithmenos
Elyvilon
Fedhas
Gozag
Hepliaklqana
Kikubaaqudgha
Makhleb
Nemelex Xobeh
Sif Muna
Trog
Uskayaw
Vehumet
Wu Jian
Yredelemnul
Zin
The Shining One

Shops:
D:3 [   D:4 *:[   D:7 =


Message History

* * * LOW HITPOINT WARNING * * *
You can move again.
Sorry, you're not good enough to have a special ability.
You feel very mighty all of a sudden.
You feel very sick. The hornet barely misses you.
The kobold brigand hits you with a +0 club.
* * * LOW HITPOINT WARNING * * *
The hornet stings you but does no damage.
A kobold comes into view. It is wielding a +0 short sword.
The kobold brigand hits you but does no damage.
The hornet stings you but does no damage.
As you read the scroll of summoning, it crumbles to dust.
Wisps of shadow whirl around you...
You feel yourself speed up.
You feel very sick.
The kobold shouts!
You hear a shout!
The hornet closely misses you.
A kobold comes into view.
It is wielding a +0 whip and quivering poisoned darts.
The kobold brigand hits you with a +0 club!
* * * LOW HITPOINT WARNING * * *
The hornet closely misses you.
You feel sick.
The kobold throws a stone.
The stone closely misses your steam dragon.
The stone barely misses the kobold brigand.
You block the stone. The kobold brigand closely misses you.
Your steam dragon bites the kobold brigand but does no damage.
Your steam dragon barely misses the kobold brigand.
Your steam dragon breathes steam at the hornet.
The ball of steam hits the hornet!
The hornet dies!
The ball of steam hits the kobold brigand!
You hear an angry buzzing noise.
You feel sick.
The kobold brigand is engulfed in a cloud of scalding steam.
The kobold brigand throws a curare-tipped dart.
The curare-tipped dart hits you.
You are lethally poisoned!
You have difficulty breathing.
You die...

.####.....###########
....#)))##...........
#.KK...............
#..................
#...K.....D........
#.....D..§.........
.....[.§Ky....######
........§K§h...#
........§§.@...#
...########.#######
..########)#.....#
..........#.###.####
..........#.#<.....#
..........#.##.....#
..........#........#
...........<.......#
.........####......#


You could see 2 kobold brigands, a friendly hornet (summoned), a friendly steam
dragon (summoned) and a friendly black bear (summoned).

Vanquished Creatures
  Maurice (D:8)
  Sigmund (D:5)
  A steam dragon (D:7)
  A water moccasin (D:6)
  2 ice beasts
  2 orc warriors
  3 black bears
  An ogre (D:4)
  A phantom (D:6)
  A centaur (D:5)
  A kobold brigand (D:6)
  4 bullfrogs
  2 necrophages
  6 scorpions
  4 wights (D:7)
  4 howler monkeys
  4 hounds
  A gnoll bouda (D:7)
  2 orc priests
  An iron imp (D:4)
  Jessica (D:2)
  3 iguanas
  5 orc wizards
  Natasha (twice) (D:3)
  A hound skeleton (D:4)
  8 gnolls
  5 adders
  A white imp (D:5)
  A dart slug (D:5)
  14 orcs
  6 ball pythons
  3 bats
  8 endoplasms
  A giant cockroach (D:4)
  5 goblins
  8 hobgoblins
  12 kobolds
  4 quokkas
  3 frilled lizards
  7 rats
141 creatures vanquished.

Vanquished Creatures (collateral kills)
  A hornet (D:8)
1 creature vanquished.

Vanquished Creatures (others)
  19 fungi (D:8)
  25 plants
44 creatures vanquished.

Grand Total: 186 creatures vanquished

Notes
Turn   | Place    | Note
-------+----------+-------------------------------------------
     0 | D:1      | rddays123 the Hill Orc Fighter began the quest for the Orb.
     0 | D:1      | Reached XP level 1. HP: 19/19 MP: 1/1
   273 | D:1      | Reached XP level 2. HP: 22/27 MP: 2/2
   391 | D:1      | Found a faded altar of an unknown god.
   579 | D:1      | Reached skill level 3 in Axes
  1094 | D:1      | Reached XP level 3. HP: 22/33 MP: 3/3
  1341 | D:2      | Reached skill level 4 in Axes
  1391 | D:2      | Noticed Jessica
  1399 | D:2      | Killed Jessica
  1400 | D:2      | Reached XP level 4. HP: 23/40 MP: 4/4
  2169 | D:3      | Reached skill level 5 in Axes
  2380 | D:3      | Found Ymmy Ciutu's Antique Armour Shoppe.
  2640 | D:2      | Identified 3 scrolls of acquirement
  2640 | D:2      | Acquired a +1 broad axe of electrocution
  2645 | D:2      | Acquired 729 gold pieces
  2649 | D:2      | Acquired a manual of Axes
  2744 | D:3      | Noticed Natasha
  2748 | D:3      | Killed Natasha
  2749 | D:3      | Reached skill level 6 in Axes
  2762 | D:3      | Reached XP level 5. HP: 36/46 MP: 5/5
  2821 | D:3      | Reached skill level 7 in Axes
  3065 | D:3      | Noticed Natasha
  3069 | D:3      | Killed Natasha
  3070 | D:3      | Reached skill level 8 in Axes
  3234 | D:3      | Bought a pair of embroidered boots for 187 gold pieces
  3234 | D:3      | Bought a helmet for 112 gold pieces
  3351 | D:4      | Found Gamycsypi's Antique Armour Boutique.
  3359 | D:4      | Bought a runed helmet for 195 gold pieces
  3367 | D:4      | Reached skill level 9 in Axes
  3367 | D:4      | Reached XP level 6. HP: 36/52 MP: 6/6
  3390 | D:4      | Found Tuuwolaw's General Store.
  3410 | D:4      | Reached skill level 10 in Axes
  3430 | D:4      | Found a snail-covered altar of Cheibriados.
  3439 | D:4      | Reached skill level 11 in Axes
  3535 | D:4      | Found a burning altar of Makhleb.
  3550 | D:4      | Reached XP level 7. HP: 58/58 MP: 7/7
  3614 | D:4      | Found Koenoidu's Book Boutique.
  3716 | D:4      | Reached skill level 12 in Axes
  3790 | D:4      | Found a shadowy altar of Dithmenos.
  3981 | D:5      | Entered Level 5 of the Dungeon
  4001 | D:5      | Noticed Sigmund
  4010 | D:5      | Killed Sigmund
  4011 | D:5      | Reached skill level 13 in Axes
  4051 | D:5      | Reached skill level 14 in Axes
  4271 | D:5      | Found a glowing silver altar of Zin.
  4308 | D:5      | Reached XP level 8. HP: 58/66 MP: 8/8
  4666 | D:5      | Reached skill level 15 in Axes
  4901 | D:5      | Found a staircase to the Ecumenical Temple.
  4910 | Temple   | Entered the Ecumenical Temple
  5370 | D:6      | Reached skill level 16 in Axes
  5503 | D:6      | Reached skill level 17 in Axes
  5881 | D:6      | Reached skill level 18 in Axes
  6379 | D:7      | Found Dackej's Jewellery Shoppe.
  6398 | D:7      | Reached XP level 9. HP: 71/71 MP: 9/9
  6437 | D:7      | Reached skill level 19 in Axes
  6633 | D:7      | Acquired a +2 executioner's axe of flaming
  6661 | D:7      | Found a hazy altar of Hepliaklqana.
  7007 | D:8      | Noticed Maurice
  7028 | D:8      | Killed Maurice
  7068 | D:8      | Reached skill level 20 in Axes
  7089 | D:8      | Reached XP level 10. HP: 80/80 MP: 10/10
  7139 | D:8      | Paralysed by a hornet for 1 turns
  7144 | D:8      | Paralysed by a hornet for 1 turns
  7146 | D:8      | HP: 3/80 [kobold brigand/+0 club (8)]
  7148 | D:8      | Asphyxiated

Illustrated notes

Levels and vault maps discovered:
D:1:      minmay_arrival_hallway, layout_loops_corners, basic_ecumenical_altar,
          minmay_unequal
D:2:      layout_loops_ring, uniq_jessica
D:3:      layout_basic, serial_shops, nicolae_shop_advertising_works
          [nicolae_subvault_shop_adworks], minmay_shallow_snake_nest,
          uniq_natasha
D:4:      layout_rooms, grunt_dithmenos_smoke_and_mirrors,
          makhleb_blood_cavern_becter, slow_altar_1, serial_shops,
          nicolae_square_shop, nicolae_shop_temple_entry_statues_fountains,
          kennysheep_mini_moat, chequers_serial_rivers_large_a,
          minmay_fractal_squares_gapless_5
D:5:      layout_layer_cave, mainiacjoe_overflow_cross_hatched,
          lemuel_temple_firewalk_b, uniq_sigmund
D:6:      layout_basic
D:7:      layout_basic, nicolae_hepliaklqana_hazy_memory, serial_shops,
          nicolae_stop_n_shop_2
D:8:      layout_basic, nicolae_qazlal_style_of_elements,
          grunt_lair_entry_orc_guard_hut, uniq_amaemon, uniq_psyche,
          uniq_joseph, uniq_maurice
Temple:   nicolae_temple_bog_church

Skill      XL: |  1  2  3  4  5  6  7  8  9 |
---------------+----------------------------+-----
Axes           | 3 4 6 9 11 14 18 20 | 20.7
Fighting       | 4 |  4.9
Armour         | 4 |  4.3
Dodging        | |  0.2
Shields        | |  3.9

Action                   |  1- 3 |  4- 6 |  7- 9 | 10-12 || total
-------------------------+-------+-------+-------+-------++-------
Melee: War axe           |    76 |    43 |       |       ||   119
       Broad axe         |       |    62 |   191 |    25 ||   278
  Use: Scroll            |       |     5 |     1 |     1 ||     7
       Potion            |       |       |       |     1 ||     1
Armor: Scale mail        |    20 |    45 |    57 |    12 ||   134
Dodge: Dodged            |    34 |    42 |    49 |    14 ||   139
Block: Buckler           |    18 |    13 |       |       ||    31
       Kite shield       |       |     5 |    60 |    11 ||    76
